 Dungeon Crawl Stone Soup version 0.20-a0-893-g832831a (console) character file.

4670 itsmu the Tainter (level 10, -14/63 HPs)
             Began as a Demonspawn Venom Mage on Mar 17, 2017.
             Was an Initiate of Ashenzari.
             Shot with an arrow by a centaur warrior (23 damage)
             ... on level 10 of the Dungeon.
             The game lasted 00:41:51 (10555 turns).

itsmu the Tainter (Demonspawn Venom Mage)          Turns: 10555, Time: 00:41:52

Health: -14/63     AC: 15    Str:  8    XL:     10   Next: 21%
Magic:  15/18      EV: 12    Int: 24    God:    Ashenzari [......]
Gold:   488        SH:  0    Dex: 15    Spells: 10/20 levels left

rFire    . . .     SeeInvis .   a - +2 dagger (venom)
rCold    . . .     Gourm    +   o - +0 robe
rNeg     . . .     Faith    .   (no shield)
rPois    +         Spirit   .   f - +1 helmet (curse)
rElec    .         Reflect  .   e - +0 cloak
rCorr    .         Harm     .   (no gloves)
MR       .....                  u - +0 pair of boots
Stlth    ++........             G - amulet of the gourmand
Regen    0.2/turn               v - +5 ring of intelligence
MPRegen  0.2/turn               p - ring of poison resistance (curse)

@: sanguine armour
A: claws 2, sanguine armour 2
a: Curse Item, Renounce Religion


You were on level 10 of the Dungeon.
You worshipped Ashenzari.
Ashenzari was noncommittal.
You were not hungry.

You visited 1 branch of the dungeon, and saw 10 of its levels.

You collected 488 gold pieces.

Inventory:

Hand Weapons
 a - a +2 dagger of venom (weapon)
   (You took it off an orc on level 3 of the Dungeon)
 d - a +0 short sword
   (You took it off a kobold on level 1 of the Dungeon)
 x - a +0 falchion of distortion {!w}
   (You took it off an orc priest on level 5 of the Dungeon)
Armour
 e - a +0 cloak (worn)
   (You found it on level 1 of the Dungeon)
 f - a cursed +1 helmet (worn)
   (You found it on level 3 of the Dungeon)
 o - a +0 robe (worn)
 u - a +0 pair of boots (worn)
   (You found it on level 5 of the Dungeon)
Jewellery
 i - an uncursed amulet of regeneration
   (You found it on level 4 of the Dungeon)
 p - a cursed ring of poison resistance (left claw)
   (You found it on level 4 of the Dungeon)
 r - the amulet "Ykhuy" {Inacc rElec rF+}
   (You found it on level 4 of the Dungeon)

   [amulet of inaccuracy]

   It reduces the accuracy of all your attacks.
   It protects you from fire.
   It insulates you from electricity.
 v - a +5 ring of intelligence (right claw)
   (You took it off an orc wizard on level 5 of the Dungeon)
 D - an uncursed ring of wizardry
   (You found it on level 6 of the Dungeon)
 E - an uncursed ring of see invisible
   (You found it on level 6 of the Dungeon)
 G - an amulet of the gourmand (around neck)
   (You found it on level 3 of the Dungeon)
Wands
 s - a wand of digging (11/24)
   (You found it on level 4 of the Dungeon)
 y - a wand of disintegration (0/24)
   (You found it on level 5 of the Dungeon)
 B - a wand of polymorph (0/24)
   (You found it on level 6 of the Dungeon)
 F - a wand of confusion (8/48)
   (You found it on level 7 of the Dungeon)
Scrolls
 h - a scroll of enchant armour
 n - a scroll of enchant weapon
 t - a scroll of teleportation
 A - a scroll of random uselessness {unknown}
 I - a scroll of remove curse
Potions
 g - 2 potions of magic
 j - 4 potions of curing
 k - 3 potions of mutation {!q}
 q - a potion of degeneration {unknown}
 w - 3 potions of lignification
 C - 4 potions of agility
 H - a potion of haste {unknown}
Books
 b - a Young Poisoner's Handbook

   Spells                             Type                      Level
   a - Sting                          Conjuration/Poison           1
   b - Poisonous Vapours              Poison/Air                   2
   c - Mephitic Cloud                 Conjuration/Poison/Air       3
   d - Olgreb's Toxic Radiance        Poison                       4
   e - Venom Bolt                     Conjuration/Poison           5
 m - a book of Callings
   (You found it on level 9 of the Dungeon)

   Spells                             Type                      Level
   a - Summon Small Mammal            Summoning                    1
   b - Call Imp                       Summoning                    2
   c - Call Canine Familiar           Summoning                    3
   d - Summon Guardian Golem          Hexes/Summoning              3
   e - Summon Lightning Spire         Summoning/Air                4
   f - Summon Ice Beast               Ice/Summoning                4
Comestibles
 c - 10 bread rations
 l - 5 royal jellies
 z - 3 meat rations


   Skills:
 - Level 1.7 Dodging
 - Level 1.7 Stealth
 * Level 7.3 Unarmed Combat
 + Level 5.8 Spellcasting
 - Level 5.0 Conjurations
 * Level 4.9 Air Magic
 * Level 8.8 Poison Magic


You had 10 spell levels left.
You knew the following spells:

 Your Spells              Type           Power        Failure   Level  Hunger
a - Sting                 Conj/Pois      ####         1%          1    None
b - Poisonous Vapours     Pois/Air       #####.       1%          2    None
c - Mephitic Cloud        Conj/Pois/Air  #####...     1%          3    #......
d - Olgreb's Toxic Radia  Pois           #####...     2%          4    ###....


Dungeon Overview and Level Annotations

Branches:
Dungeon (10/15)            Temple (0/1) D:6
   Lair: D:8-11         Orc: D:9-12

Altars:
Ashenzari
Fedhas
Gozag
Hepliaklqana
Kikubaaqudgha
Okawaru
Ru
Trog
Vehumet
Yredelemnul

Shops:
D:9 :


Innate Abilities, Weirdness & Mutations

You have very sharp fingernails.
When seriously injured, your bleeding wounds create thick armour. (AC +9)


Message History

The centaur warrior shouts!
The centaur warrior wields a shortbow.
The centaur warrior shoots an arrow.
The arrow hits you!
* * * LOW HITPOINT WARNING * * *
Your blood congeals into armour.
You see here an arrow.
Casting: Sting
Confirm with . or Enter, or press ? or * to list all spells.
Aiming: Mephitic Cloud
Press: ? - help, Shift-Dir - straight line, f - centaur warrior
Aim: a centaur warrior, wielding a shortbow The ball explodes into a vile cloud!
The stinking cloud engulfs the centaur warrior.
You hear a shout! x4
The centaur warrior is engulfed in noxious fumes.
The centaur warrior shoots an arrow.
The arrow hits you!!
* * * LOW HITPOINT WARNING * * *
The centaur warrior is engulfed in noxious fumes.
The centaur warrior shoots an arrow.
The arrow hits you!!
You die...

............# ...
............##....
......##.........
#....##.........
#..............
............... .. .
##.......# ...
#...##M......## ##....
#c§...(###...####.....
#§§..### ##...........
##..# ##.......... #..
##......... #..#
#.......... #..
#.......... ...
##<.........
#..######...........


You could see a centaur warrior.

Vanquished Creatures
  The ghost of 4thArraOfDagon the Slasher, a novice NaCK of Xom (D:8)
  An ugly thing (D:9)
  Grinder (D:4)
  A spriggan (D:7)
  A wyvern (D:6)
  A hungry ghost (D:9)
  Duvessa (D:6)
  2 ice beasts (D:7)
  A sky beast (D:5)
  4 ogres
  2 centaurs
  A big kobold (D:9)
  8 bullfrogs
  A gnoll sergeant (D:9)
  A wyvern zombie (D:6)
  4 scorpions
  Dowan (D:6)
  3 howler monkeys
  A crimson imp (D:6)
  2 jellies
  A bullfrog skeleton (D:10)
  10 orc wizards
  3 orc priests
  A gnoll shaman (D:6)
  A hound (D:8)
  5 iguanas
  7 worker ants
  2 hound skeletons (D:5)
  A worker ant zombie (D:5)
  20 gnolls
  A howler monkey skeleton (D:5)
  11 adders
  A shadow imp (D:5)
  3 oozes
  An adder skeleton (D:4)
  3 worms
  2 dart slugs
  8 leopard geckos
  18 orcs
  5 bats
  5 giant cockroaches
  6 goblins
  10 hobgoblins
  7 jackals
  3 quokkas
  2 ball pythons (D:5)
  A ball python skeleton (D:4)
  7 frilled lizards
  11 kobolds
  6 rats
200 creatures vanquished.

Vanquished Creatures (others)
  An adder (D:4)
1 creature vanquished.

Grand Total: 201 creatures vanquished

Notes
Turn   | Place    | Note
-------+----------+-------------------------------------------
     0 | D:1      | itsmu the Demonspawn Venom Mage began the quest for the Orb.
     0 | D:1      | Reached XP level 1. HP: 13/13 MP: 3/3
   265 | D:1      | Gained mutation: You have sharp fingernails. [demonic ancestry]
   265 | D:1      | Reached XP level 2. HP: 18/19 MP: 0/5
   400 | D:1      | Learned a level 2 spell: Poisonous Vapours
  1215 | D:2      | Gained mutation: When seriously injured, your bleeding wounds create armour. (AC +9) [demonic ancestry]
  1215 | D:2      | Reached XP level 3. HP: 15/24 MP: 1/6
  1931 | D:2      | Learned a level 3 spell: Mephitic Cloud
  2296 | D:2      | Reached XP level 4. HP: 30/30 MP: 2/8
  2416 | D:2      | Reached skill level 1 in Air Magic
  2510 | D:2      | HP: 1/30 [gnoll/halberd (15)]
  3417 | D:3      | Reached skill level 4 in Poison Magic
  3417 | D:3      | Gained mutation: You have very sharp fingernails. [demonic ancestry]
  3417 | D:3      | Reached XP level 5. HP: 35/35 MP: 4/9
  3453 | D:3      | Reached skill level 1 in Unarmed Combat
  3639 | D:2      | Learned a level 4 spell: Olgreb's Toxic Radiance
  3722 | D:3      | Found a shattered altar of Ashenzari.
  3724 | D:3      | Found a bloodstained altar of Trog.
  3724 | D:3      | Found an opulent altar of Gozag.
  3725 | D:3      | Found a hazy altar of Hepliaklqana.
  3725 | D:3      | Found a basalt altar of Yredelemnul.
  3725 | D:3      | Found a radiant altar of Vehumet.
  4451 | D:3      | Reached XP level 6. HP: 41/41 MP: 6/11
  4610 | D:4      | Noticed Grinder
  4610 | D:4      | Paralysed by Grinder for 2 turns
  4636 | D:4      | Killed Grinder
  4636 | D:4      | Reached skill level 5 in Poison Magic
  4636 | D:4      | Gained mutation: When seriously injured, your bleeding wounds create thick armour. (AC +9) [demonic ancestry]
  4636 | D:4      | Reached XP level 7. HP: 31/46 MP: 12/12
  5131 | D:4      | Got a crude jade amulet
  5192 | D:4      | Identified the amulet "Ykhuy" {Inacc rElec rF+} (You found it on level 4 of the Dungeon)
  5231 | D:4      | Found an ancient bone altar of Kikubaaqudgha.
  5231 | D:4      | Found a blossoming altar of Fedhas.
  5557 | D:5      | Entered Level 5 of the Dungeon
  6035 | D:5      | Reached XP level 8. HP: 29/52 MP: 7/14
  6472 | D:5      | Reached skill level 6 in Poison Magic
  6591 | D:5      | Found an iron altar of Okawaru.
  6941 | D:3      | Became a worshipper of Ashenzari the Shackled
  7255 | D:6      | Noticed Duvessa
  7257 | D:6      | Noticed Dowan
  7265 | D:6      | that's cheating.
  7383 | D:6      | Killed Dowan
  7386 | D:6      | Killed Duvessa
  7549 | D:6      | Reached skill level 7 in Poison Magic
  7581 | D:6      | Reached skill level 5 in Unarmed Combat
  7581 | D:6      | Reached XP level 9. HP: 49/57 MP: 16/16
  7717 | D:6      | Found a staircase to the Ecumenical Temple.
  8190 | D:7      | Reached skill level 5 in Conjurations
  8526 | D:7      | Reached skill level 5 in Spellcasting
  8847 | D:8      | Noticed 4thArraOfDagon's ghost (novice NaCK)
  9026 | D:8      | Killed 4thArraOfDagon's ghost
  9026 | D:8      | Reached skill level 8 in Poison Magic
  9326 | D:8      | Found a basalt altar of Yredelemnul.
  9362 | D:8      | Noticed a troll
  9593 | D:8      | Noticed a six-headed hydra
  9871 | D:9      | Noticed a brown ugly thing
  9895 | D:9      | Killed a brown ugly thing
  9895 | D:9      | Reached XP level 10. HP: 63/63 MP: 1/18
 10290 | D:9      | Found a sacrificial altar of Ru.
 10313 | D:9      | Found Heirato's Book Emporium.
 10508 | D:10     | Entered Level 10 of the Dungeon
 10553 | D:10     | Noticed a centaur warrior
 10555 | D:10     | Shot with an arrow by a centaur warrior

Vault maps used:
D:1:      dpeg_arrival_more_subterranean_lakeside_camping
D:3:      grunt_temple_overflow_open, serial_park_tiny_2, minmay_three_crescents
D:4:      grunt_temple_overflow_growth_and_decay, uniq_grinder
D:5:      old_standard_altar, first_bread, minmay_misc_feat_cross
D:6:      minmay_temple_entry_mist, uniq_duvessa
D:7:      the_bakery, grunt_ministairs_15
D:8:      hangedman_cross_veins, slow_altar_1, yredelemnul_altar_generic
D:9:      nicolae_ru_awakened_eye, serial_shops, shop, stair_cage_wide
D:10:     grunt_lair_entry_orc_guard_hut, erik_orc_4

Skill      XL: |  1  2  3  4  5  6  7  8  9 10 |
---------------+-------------------------------+-----
Conjurations   | 2 3 4 5 |  5.0
Spellcasting   | 3 4 5 |  5.8
Air Magic      | 1 2 3 4 |  4.9
Poison Magic   | 4 5 7 8 |  8.8
Unarmed Combat | 1 2 3 5 6 7 |  7.3
Dodging        | |  1.7
Stealth        | |  1.7

Action                   |  1- 3 |  4- 6 |  7- 9 | 10-12 || total
-------------------------+-------+-------+-------+-------++-------
Melee: Short sword       |    20 |    23 |       |       ||    43
       Dagger            |       |    48 |   285 |    40 ||   373
       Punch             |       |       |     6 |     1 ||     7
 Cast: Sting             |    76 |    43 |   100 |    14 ||   233
       Poisonous Vapours |     7 |    23 |    44 |       ||    74
       Mephitic Cloud    |       |     1 |    12 |     1 ||    14
       Olgreb's Toxic Ra |       |       |    16 |     3 ||    19
Invok: Curse Item        |       |       |     2 |       ||     2
Evoke: Wand              |       |       |    12 |     4 ||    16
  Use: Scroll            |       |     8 |     7 |     1 ||    16
       Potion            |       |     3 |     4 |       ||     7
 Stab: Sleeping          |     1 |       |     2 |       ||     3
       Invisible         |       |       |     2 |       ||     2
       Confused          |       |       |     4 |     2 ||     6
  Eat: Chunk             |     5 |    10 |    34 |     2 ||    51
Armor: Robe              |     9 |    18 |    81 |    13 ||   121
       Skin              |       |       |     9 |       ||     9
Dodge: Dodged            |    28 |    64 |   176 |    14 ||   282
